AoeStats
← pagerbon

Black Forest

510733581Analyzed
4v4 RM · 1d ago on Oct 2, 2026· 53m 21s· 8 players
Game mode
Random Map
Map size
Large (8 player)
Population
200
Speed
Normal
Resources
Standard
Victory
Conquest
Starting age
Dark Age
Ending age
Imperial Age
RankedLock teamsTeams togetherTeam positionsShared explorationLock speedFull tech treeHidden civsTurbo modeCheats
Victory
Defeat
🇨🇳 Turks · China
767
+11
🇦🇺 Franks · Australia
763
+11
🇨🇳 Teutons · China
754
+11
🇨🇦 Malians · Canada
743
+12
🇧🇷 Persians · Brazil
676
-12
🇨🇳 Mongols · China
662
-12
🇰🇷 Romans · South Korea
654
-11
🇨🇱 Franks · Chile
622
-10
ALEX_THE_KING
13:25 Feudal Age
15:03 Wheelbarrow
14:17 Double-Bit Axe
17:00 Stone Mining
17:00 Gold Mining
22:38 Castle Age
23:43 Hand Cart
24:36 Bow Saw
29:23 Gold Shaft Mining
35:53 Caravan
39:50 Imperial Age
38:39 Scale Barding Armor
38:45 Forging
41:42 Chemistry
41:09 Chain Barding Armor
41:25 Iron Casting
41:40 Chivalry
41:03 Cavalier
41:50 Husbandry
43:54 Plate Barding Armor
moon32k
4:58 Loom
5:43 Loom
12:27 Feudal Age
13:20 Double-Bit Axe
21:27 Castle Age
20:23 Stone Mining
20:58 Gold Mining
21:17 Horse Collar
30:40 Imperial Age
29:38 Bow Saw
31:11 Gold Shaft Mining
31:17 Bloodlines
33:18 Chemistry
32:46 Town Watch
38:16 Ballistas
38:32 Light Cavalry
39:13 Husbandry
40:24 Cavalier
41:47 Scale Barding Armor
41:22 Heavy Scorpion
pagerbon
9:15 Loom
12:09 Feudal Age
12:47 Double-Bit Axe
13:48 Wheelbarrow
13:38 Town Watch
14:18 Horse Collar
16:39 Man-at-Arms
17:05 Arson
17:51 Gold Mining
17:51 Stone Mining
19:33 Padded Archer Armor
19:44 Forging
19:38 Scale Mail Armor
19:44 Scale Barding Armor
19:30 Fletching
25:09 Bloodlines
31:33 Castle Age
31:28 Crossbowman
32:58 Squires
33:43 Heavy Plow
34:09 Bow Saw
37:37 Pikeman
40:00 Hand Cart
39:45 Town Patrol
40:32 Husbandry
45:44 Imperial Age
46:30 Gold Shaft Mining
47:52 Chemistry
47:02 Masonry
47:13 Cavalier
49:53 Crop Rotation
50:28 Two-Man Saw
50:57 Iron Casting
51:48 Chain Barding Armor
50:53 Savar
52:38 Blast Furnace
OTZ==3
1:17 Loom
10:22 Feudal Age
16:34 Castle Age
15:17 Double-Bit Axe
16:13 Horse Collar
16:53 Stone Mining
18:56 Bow Saw
25:49 Heavy Plow
26:27 Wheelbarrow
26:05 Gold Mining
28:39 Stone Shaft Mining
29:39 Hand Cart
30:28 Gold Shaft Mining
37:06 Imperial Age
35:09 Fletching
35:59 Ballistics
35:57 Husbandry
36:01 Caravan
36:51 Forging
36:55 Masonry
37:36 Scale Barding Armor
38:12 Conscription
37:17 Elite Mangudai
38:10 Bodkin Arrow
38:54 Iron Casting
39:22 Chemistry
38:53 Town Watch
39:42 Chain Barding Armor
39:25 Bracer
40:37 Blast Furnace
40:13 Coinage
39:19 Light Cavalry
40:12 Bloodlines
40:18 Padded Archer Armor
40:03 Hussar
41:55 Leather Archer Armor
41:38 Murder Holes
42:52 Scale Mail Armor
43:00 Siege Engineers
LaGoule
9:36 Loom
12:36 Feudal Age
13:25 Horse Collar
16:41 Castle Age
15:08 Double-Bit Axe
15:16 Gold Mining
19:46 Heavy Plow
20:00 Bow Saw
20:56 Caravan
27:24 Wheelbarrow
27:15 Man-at-Arms
27:57 Squires
27:59 Long Swordsman
33:32 Imperial Age
31:43 Hand Cart
31:29 Stone Mining
31:50 Town Watch
32:28 Scale Mail Armor
34:24 Gold Shaft Mining
34:30 Stone Shaft Mining
34:44 Conscription
34:24 Two-Handed Swordsman
36:01 Crop Rotation
36:49 Chemistry
36:10 Ballistics
36:19 Chain Mail Armor
36:17 Forging
36:21 Champion
36:44 Pikeman
37:43 Murder Holes
39:35 Plate Mail Armor
39:41 Iron Casting
39:55 Arson
41:20 Town Patrol
42:36 Husbandry
42:50 Bloodlines
43:32 Scale Barding Armor
43:49 Heavy Camel Rider
44:31 Farimba
46:07 Chain Barding Armor
47:42 Thumb Ring
46:58 Crossbowman
48:25 Arbalester
49:40 Fortified Wall
49:39 Fletching
49:49 Padded Archer Armor
50:22 Elite Skirmisher
50:38 Elite Skirmisher
51:22 Bodkin Arrow
51:43 Leather Archer Armor
52:04 Plate Barding Armor
52:26 Masonry
此生必睡高思雯
9:42 Loom
11:42 Feudal Age
11:18 Loom
19:21 Castle Age
18:32 Stone Mining
18:38 Gold Mining
28:10 Scale Mail Armor
36:25 Imperial Age
35:03 Forging
37:23 Wheelbarrow
37:47 Stone Shaft Mining
37:13 Horse Collar
38:03 Heavy Plow
38:49 Hand Cart
40:21 Elite Teutonic Knight
41:41 Town Watch
42:54 Crop Rotation
usless@AOE2
11:39 Feudal Age
13:30 Wheelbarrow
12:50 Gold Mining
12:48 Double-Bit Axe
13:19 Stone Mining
20:39 Castle Age
21:51 Hand Cart
22:59 Husbandry
25:03 Forging
24:59 Scale Barding Armor
25:05 Caravan
25:37 Town Watch
31:01 Imperial Age
29:48 Iron Casting
31:12 Loom
31:27 Town Patrol
32:09 Gold Shaft Mining
31:47 Bow Saw
31:10 Cavalier
33:06 Paladin
35:22 Blast Furnace
34:50 Chain Barding Armor
35:15 Scale Mail Armor
35:16 Padded Archer Armor
35:06 Fletching
37:55 Plate Barding Armor
36:48 Elite Throwing Axeman
38:08 Conscription
38:17 Chain Mail Armor
38:03 Ordonnance Companies
40:39 Siege Engineers
45:23 Hoardings
51:37 Ballistics
51:13 Murder Holes
51:29 Masonry
王力姑宝小儿心
10:35 Loom
12:21 Feudal Age
16:47 Castle Age
15:30 Double-Bit Axe
15:26 Horse Collar
19:00 Bow Saw
18:57 Heavy Plow
24:23 Wheelbarrow
25:53 Hand Cart
27:15 Gold Mining
31:41 Imperial Age
30:38 Gold Shaft Mining
29:55 Stone Mining
30:28 Padded Archer Armor
32:35 Leather Archer Armor
32:22 Devotion
31:45 Elite Janissary
32:50 Conscription
33:35 Two-Man Saw
34:00 Ring Archer Armor
35:36 Bloodlines
35:33 Scale Barding Armor
36:17 Husbandry
36:40 Chain Barding Armor
36:56 Faith
38:32 Plate Barding Armor
38:39 Forging
40:00 Artillery
40:49 Iron Casting
43:28 Blast Furnace
Connection lost

Rejoining the realm…

Still unreachable

The connection could not be restored.

Session expired

The server has moved on; the page needs a fresh start.